AoeStats
← 帝国的铁汉

Black Forest

506933716Analyzed
4v4 RM · 17d ago on Sep 15, 2026· 38m 42s· 8 players
Game mode
Random Map
Map size
Large (8 player)
Population
200
Speed
Normal
Resources
Standard
Victory
Conquest
Starting age
Dark Age
Ending age
Imperial Age
RankedLock teamsTeams togetherTeam positionsShared explorationLock speedFull tech treeHidden civsTurbo modeCheats
Victory
Defeat
🇺🇸 Vikings · United States
1317
+15
🇨🇦 Mongols · Canada
1264
+17
🇵🇱 Persians · Poland
1264
+18
🇪🇸 Turks · Spain
1257
+18
🇨🇳 Goths · China
1383
-21
🇺🇸 Persians · United States
1333
-18
🇨🇳 Franks · China
1307
-17
🇨🇳 Bengalis · China
1180
-12
Hero Unit
0:56 Loom
10:55 Feudal Age
11:22 Double-Bit Axe
11:22 Man-at-Arms
12:24 Arson
14:13 Scale Mail Armor
15:07 Horse Collar
22:03 Castle Age
22:21 Stone Mining
22:24 Gold Mining
25:32 Heavy Plow
25:44 Bow Saw
31:10 Gold Shaft Mining
33:52 Imperial Age
32:16 Forging
32:12 Squires
32:43 Chain Mail Armor
33:25 Chieftains
34:43 Iron Casting
35:16 Crop Rotation
34:29 Elite Berserk
37:29 Two-Man Saw
37:01 Coinage
37:47 Conscription
39:09 Plate Mail Armor
40:15 Blast Furnace
Schvank
1:03 Loom
11:46 Feudal Age
15:42 Castle Age
13:55 Double-Bit Axe
15:44 Fletching
16:29 Bodkin Arrow
16:51 Bow Saw
29:22 Imperial Age
27:01 Horse Collar
28:19 Wheelbarrow
28:13 Gold Mining
30:46 Gold Shaft Mining
31:28 Wheelbarrow
33:39 Padded Archer Armor
33:59 Hand Cart
35:32 Bracer
36:52 Elite Mangudai
Guille
1:14 Loom
12:35 Feudal Age
17:05 Castle Age
17:09 Double-Bit Axe
17:25 Fishing Lines
18:33 Gillnets
24:27 Imperial Age
22:44 Gold Mining
23:49 Bow Saw
25:29 Gold Shaft Mining
32:55 Padded Archer Armor
34:42 Wheelbarrow
jkeR.!
11:23 Feudal Age
15:35 Castle Age
13:41 Horse Collar
13:55 Double-Bit Axe
21:14 Wheelbarrow
21:39 Fishing Lines
26:02 Gold Mining
26:38 Bow Saw
27:23 Hand Cart
29:53 Imperial Age
30:03 Imperial Age
27:50 Hand Cart
27:50 Stone Mining
30:36 Gold Shaft Mining
30:06 Heavy Plow
30:19 Forging
30:16 Scale Barding Armor
31:27 Stone Shaft Mining
32:10 Chemistry
31:28 Gillnets
33:15 Iron Casting
33:01 Chain Barding Armor
32:58 Bloodlines
32:49 Husbandry
34:07 Conscription
33:55 Elite War Elephant
35:56 Two-Man Saw
35:13 Loom
Lmmortal
0:49 Loom
11:10 Feudal Age
15:20 Castle Age
14:34 Double-Bit Axe
31:53 Wheelbarrow
31:37 Bow Saw
36:16 Imperial Age
Fs.Caboclo
12:40 Feudal Age
17:03 Castle Age
15:08 Double-Bit Axe
27:08 Scale Barding Armor
27:14 Forging
29:43 Imperial Age
27:00 Loom
27:02 Town Watch
28:51 Chain Barding Armor
28:22 Gold Mining
28:23 Stone Mining
29:50 Wheelbarrow
29:28 Bow Saw
29:00 Horse Collar
30:04 Gold Shaft Mining
30:05 Iron Casting
31:15 Chemistry
30:55 Plate Barding Armor
30:57 Stone Shaft Mining
31:08 Bloodlines
30:58 Husbandry
32:02 Hand Cart
31:50 Cavalier
34:01 Blast Furnace
36:40 Conscription
36:02 Savar
帝国的铁汉
1:59 Loom
11:49 Feudal Age
16:05 Castle Age
27:01 Wheelbarrow
29:39 Town Watch
傲娇
11:50 Feudal Age
16:23 Castle Age
14:07 Horse Collar
14:20 Double-Bit Axe
17:48 Bow Saw
18:59 Heavy Plow
30:24 Ballistics
32:50 Imperial Age
30:21 Loom
31:16 Wheelbarrow
32:19 Padded Archer Armor
32:10 Fletching
33:51 Husbandry
34:02 Bloodlines
34:11 Leather Archer Armor
33:52 Bodkin Arrow
35:03 Chemistry
34:11 Siege Engineers
33:42 Elite Elephant Archer
35:58 Bracer
36:29 Ring Archer Armor
37:16 Hand Cart
Connection lost

Rejoining the realm…

Still unreachable

The connection could not be restored.

Session expired

The server has moved on; the page needs a fresh start.